 Dungeon Crawl Stone Soup version 0.27-b1-42-g19c61b19a5 (webtiles) character file.

Game seed: 6125023733249732092

58 Rrauwl the Sneak (level 3, -3/33 HPs)
             Began as a Minotaur Delver on July 28, 2021.
             Was a Believer of Qazlal.
             Slain by Grinder (6 damage)
             ... on level 3 of the Dungeon.
             The game lasted 00:07:01 (1651 turns).

Rrauwl the Sneak (Minotaur Delver)                  Turns: 1651, Time: 00:07:01

Health: -3/33      AC:  6    Str: 15 (16) XL:     3   Next: 75%
Magic:  2/2        EV:  9    Int:  7      God:    Qazlal [**....]
Gold:   101        SH:  2    Dex:  9 (12) Spells: 2/2 levels left

rFire    . . .     SeeInvis .   b - +0 war axe
rCold    . . .     Faith    .   (no shield)
rNeg     . . .     Spirit   .   j - +0 scale mail
rPois    .         Reflect  .   (helmet restricted)
rElec    .         Harm     .   (no cloak)
rCorr    .         Rampage  .   (no gloves)
Will     .....     Clarity  +   (no boots)
Stlth    +.........             (no amulet)
HPRegen  1.11/turn              (no ring)
MPRegen  0.08/turn              (no ring)

@: hasted, very quick
A: horns 2, retaliatory headbutt, clarity, high mp 1, regeneration 1
a: Renounce Religion, Upheaval


You were on level 3 of the Dungeon.
You worshipped Qazlal.
Qazlal was pleased with you.
You visited 1 branch of the dungeon, and saw 5 of its levels.

You collected 101 gold pieces.

Inventory:

Hand Weapons
 a - a +1 hand axe of flaming
 b - a +0 war axe (weapon)
 h - a +1 dagger of draining
Armour
 j - a +0 scale mail (worn)
Wands
 g - a wand of digging (3)
Scrolls
 c - a scroll of fog
 d - a scroll of magic mapping
 e - a scroll of fear


   Skills:
 + Level 4.1 Fighting
 + Level 3.0 Axes
 + Level 1.5 Armour
 + Level 2.9 Dodging
 - Level 4.1 Stealth
 + Level 1.1 Evocations


You had 2 spell levels left.
You didn't know any spells.
Your spell library was empty.

Dungeon Overview and Level Annotations

Branches:
Dungeon (5/15)
 Temple: D:4-7

Altars:
Qazlal

Shops:
D:5 (

Annotations:
D:3 Grinder


Innate Abilities, Weirdness & Mutations

You have a pair of horns on your head.
You reflexively headbutt those who attack you in melee.
You possess an exceptional clarity of mind.
You have an increased reservoir of magic. (+10% MP)
Your natural rate of healing is unusually fast.


Message History

Grinder says, "Tell me all your secrets, or I'll kill you."
The jackal barely misses you.
You slash the jackal!
You kill the jackal!
Qazlal accepts your kill. Grinder gestures at you.
Pain shoots through your body!
You closely miss Grinder. Grinder closely misses you.
You barely miss Grinder. You headbutt Grinder.
Grinder is lightly wounded.
Grinder says, "Wait up."
Grinder gestures at you.
You suddenly lose the ability to move!
Grinder hits you.
You writhe in agony.
Grinder barely misses you. Grinder gestures at you.
Pain shoots through your body! Grinder hits you!
Grinder says, "At least Makhleb appreciates what I'm doing."
Grinder zaps a wand.
The puff of flame hits you but does no damage.
You can move again.
You feel yourself speed up. Grinder hits you.
Okay, then.
You closely miss Grinder.
Grinder is lightly wounded.
Grinder gestures at you. Pain shoots through your body!
* * * LOW HITPOINT WARNING * * *
You feel better. Grinder hits you.
You writhe in agony.
* * * LOW HITPOINT WARNING * * *
You slash Grinder!
Grinder is moderately wounded.
Grinder closely misses you.
You slash Grinder!
Grinder is heavily wounded.
Grinder hits you.
* * * LOW HITPOINT WARNING * * *
You writhe in agony.
You die...

#.##### #.# #.#...# #.#
#.....# #.# ###...#
###.### ####.####.....#
#
#>......#.....#####.#.#
#.##.##.#.....##.....?#
#.##.##.#.....##5##.###
#.##.##.#.....##@#
#.##.##.########.#
#.##.##.# #.#
#....<..########.#
####.#####.......#
#.##......#####
#.##.#.#..# #.....###.#
####.#.#..#


You could see Grinder.

Vanquished Creatures
  2 worms (D:2)
  A dart slug (D:2)
  7 ball pythons
  6 endoplasms
  3 goblins (D:1)
  4 hobgoblins
  4 jackals (D:3)
  4 kobolds
  3 quokkas
  4 bats
  3 frilled lizards
  3 rats
44 creatures vanquished.

Vanquished Creatures (others)
  2 ball pythons (D:2)
  A plant (D:4)
3 creatures vanquished.

Grand Total: 47 creatures vanquished

Notes
Turn   | Place    | Note
-------+----------+-------------------------------------------
     0 | D:5      | Rrauwl the Minotaur Delver began the quest for the Orb.
     0 | D:5      | Reached XP level 1. HP: 19/19 MP: 0/0
   126 | D:1      | Found a faded altar of an unknown god.
   190 | D:1      | Reached XP level 2. HP: 27/27 MP: 1/1
   318 | D:1      | Became a worshipper of Qazlal Stormbringer
   318 | D:1      | Reached * piety under Qazlal
   342 | D:1      | Reached skill level 1 in Armour
   717 | D:1      | Reached XP level 3. HP: 33/33 MP: 2/2
   766 | D:1      | Gained mutation: Your natural rate of healing is unusually
                  | fast. [potion of mutation]
   766 | D:1      | Gained mutation: You possess an exceptional clarity of
                  | mind. [potion of mutation]
   766 | D:1      | Gained mutation: You have an increased reservoir of magic.
                  | (+10% MP) [potion of mutation]
   783 | D:1      | You fall into a shaft and drop 1 floor!
   857 | D:2      | Reached ** piety under Qazlal
   858 | D:2      | Reached skill level 1 in Evocations
  1627 | D:3      | Noticed Grinder
  1641 | D:3      | Paralysed by Grinder for 6 turns
  1651 | D:3      | Slain by Grinder

Illustrated notes

Levels and vault maps discovered:
D:1:      minmay_arrival_shattered_statue, layout_rooms,
          hellmonk_ecumenical_altar_arch_garden
D:2:      layout_loops_ring, corexii_leaking_fountain, lemuel_flame_loot_1
D:3:      layout_loops_cross, serial_shops, shop, uniq_grinder
D:4:      layout_layer_cave, fedhas_altar_decomposition,
          mainiacjoe_overflow_cross_hatched, mainiacjoe_overflow_catwalk_spiral,
          nicolae_shop_clearance, uniq_crazy_yiuf_cottage
D:5:      layout_basic, gup_sewer_entry_spiral, ebering_ghost_sewer_f,
          minmay_misc_feat_pillars, nicolae_stop_n_shop_2

Skill      XL: |  1  2  3 |
---------------+----------+-----
Armour         | 1 |  1.5
Fighting       | 4 |  4.1
Evocations     | 1 |  1.1
Axes           | 3 |  3.0
Dodging        | |  2.9
Stealth        | |  4.1

Action                   || total
-------------------------++-------
Melee: Hand axe          ||    85
       Headbutt          ||    10
       War axe           ||    16
  Use: Potion            ||     5
       Scroll            ||     5
 Stab: Sleeping          ||     1
Armor: Leather armour    ||    16
       Scale mail        ||    19
Dodge: Dodged            ||    58
Block: Other             ||     5
